 Dungeon Crawl Stone Soup version 0.24-a0-788-g2b66604 (webtiles) character file.

Game seed: 15377158851147064571, levelgen mode: deterministic

2584 BeowulfAlex the Transmogrifier (level 9, -1/55 HPs)
             Began as an Octopode Transmuter on Oct 8, 2019.
             Was an Initiate of Gozag.
             Slain by a troll (4 damage)
             ... on level 9 of the Dungeon on Oct 10, 2019.
             The game lasted 00:30:10 (9384 turns).

BeowulfAlex the Transmogrifier (OpTm)               Turns: 9384, Time: 00:30:10

Health: -1/55      AC:  1    Str: 11    XL:     9   Next: 58%
Magic:  0/18       EV: 13    Int: 19    God:    Gozag
Gold:   786        SH:  0    Dex: 12    Spells: 6/21 levels left

rFire    + . .     SeeInvis .     - Unarmed
rCold    + . .     Gourm    .   (shield currently unavailable)
rNeg     . . .     Faith    .   (helmet restricted)
rPois    +         Spirit   +   n - amulet of guardian spirit
rElec    .         Reflect  .   D - ring of fire
rCorr    +         Harm     .   s - ring of ice
MR       .....                  y - ring of resist corrosion
Stlth    +++.......             I - ring of poison resistance
HPRegen  0.18/turn              (no ring)
MPRegen  0.16/turn              L - ring of protection from fire
                                (no ring)
                                (no ring)

@: blade tentacles, very slightly contaminated
A: almost no armour, stealthy swim, amphibious, 8 rings, constrict 8, camouflage
1, cold resistance 1, strong 1, wild magic 1, gelatinous body 1
a: End Transformation, Potion Petition, Call Merchant, Bribe Branch, Renounce
Religion


You were on level 9 of the Dungeon.
You worshipped Gozag.
Gozag was pleased with you.
You were full.
You had blades for tentacles.
You visited 2 branches of the dungeon, and saw 10 of its levels.

You collected 1028 gold pieces.
You spent 127 gold pieces at shops.
You paid 115 gold pieces to Gozag.

Inventory:

Missiles
 a - 136 arrows
 d - 12 poisoned darts (quivered)
 g - 3 javelins
 k - 220 stones
 A - 7 curare-tipped darts
 J - 7 boomerangs
Armour
 u - a +0 large shield
Magical Staves
 F - an uncursed staff of conjuration
 G - an uncursed staff of wizardry {unknown}
Jewellery
 n - an amulet of guardian spirit (around mantle)
 s - a ring of ice (right scythe-like blade)
 y - a ring of resist corrosion (on tentacle)
 D - a ring of fire (left scythe-like blade)
 I - a ring of poison resistance (on tentacle)
 L - a ring of protection from fire (on tentacle)
Wands
 o - a wand of digging (4)
 w - a wand of random effects (15)
Scrolls
 b - 4 scrolls of remove curse
 f - 3 scrolls of fog
 j - 2 scrolls of amnesia
 l - 4 scrolls of enchant weapon
 p - 6 scrolls of teleportation
 r - 2 scrolls of immolation
 v - a scroll of noise {unknown}
 x - a scroll of fear
 E - 3 scrolls of random uselessness
 H - a scroll of holy word {unknown}
Potions
 e - 3 potions of curing
 h - a potion of haste {unknown}
 i - a potion of flight {unknown}
 m - 3 potions of heal wounds
 q - a potion of lignification {unknown}
 t - 2 potions of might
 z - a potion of magic {unknown}
 B - a potion of mutation
 C - a potion of brilliance {unknown}
Comestibles
 c - 6 rations


   Skills:
 * Level 2.6 Fighting
 + Level 2.3 Dodging
 - Level 1.1 Stealth
 * Level 4.4 Unarmed Combat
 * Level 6.6 Spellcasting
 * Level 9.9 Transmutations


You had 6 spell levels left.
You knew the following spells:

 Your Spells              Type           Power        Failure   Level  Hunger
a - Beastly Appendage     Tmut           ######       13%         1    None
b - Sticks to Snakes      Tmut           ######..     14%         2    None
c - Spider Form           Tmut/Pois      ####......   38%         3    ##.....
d - Blade Hands           Tmut           ######....   41%         5    #####..
e - Ice Form              Ice/Tmut       #####...     63%         4    ####...

Your spell library contained the following spells:

 Spells                   Type           Power        Failure   Level  Hunger
 Freeze                   Ice            ##..         56%         1    None
 Summon Butterflies       Summ           #.......     56%         1    None
 Throw Frost              Conj/Ice       ##....       65%         2    None
 Ozocubu's Armour         Chrm/Ice       ##......     82%         3    ##.....
 Summon Ice Beast         Ice/Summ       ##......     98%         4    ####...
 Throw Icicle             Conj/Ice       ##......     98%         4    ####...


Dungeon Overview and Level Annotations

Branches:
Dungeon (9/15)             Temple (1/1) D:5            Lair (0/6) D:8
    Orc: D:9-12

Altars:
Ashenzari
Cheibriados
Dithmenos
Elyvilon
Fedhas
Gozag
Hepliaklqana
Kikubaaqudgha
Makhleb
Nemelex Xobeh
Okawaru
Qazlal
Sif Muna
Trog
Vehumet
Wu Jian
Yredelemnul
Zin
The Shining One

Shops:
D:6 *   D:7 ?   D:9 (


Innate Abilities, Weirdness & Mutations

You cannot wear most types of armour.
You are very stealthy in the water. (Stealth+)
You are amphibious.
You can wear up to eight rings at the same time.
You can use your tentacles to constrict eight enemies at once.
Your skin changes colour to match your surroundings (Stealth+).
Your rubbery body absorbs attacks. (AC +1, EV +1)
Your flesh is cold resistant. (rC+)
Your muscles are strong. (Str +2)
Your spells are a little harder to cast, but a little more powerful.


Message History

Your tentacles turn into razor-sharp scythe blades.
You hit the troll. You squeeze the troll.
The troll is lightly wounded.
The troll bites you! The troll barely misses you. The troll claws you.
You barely miss the troll.
The troll is lightly wounded.
You slash the troll! Your squeeze misses the troll.
The troll is heavily wounded.
The troll closely misses you. The troll claws you. The troll claws you!
You barely miss the troll.
The troll is heavily wounded.
The troll barely misses you. The troll claws you!
* * * LOW HITPOINT WARNING * * *
The troll claws you!
* * * LOW HITPOINT WARNING * * *
You barely miss the troll.
The troll is heavily wounded.
The troll barely misses you. The troll claws you.
You die...
Your body crumbles into a pile of gold.

.# .# ..## ..#
..# #.# #T######
##@...?.#
+.#####.#
#..####?#
#........
#<.######
##.######
########>........
#.........#######
#.#######.#


You could see a troll.

Vanquished Creatures
  A hippogriff (D:7)
  A porcupine (D:8)
  2 black bears (D:9)
  3 orc warriors
  A centaur (D:8)
  5 ogres
  A bullfrog (D:6)
  A water moccasin zombie (D:6)
  A scorpion (D:8)
  A howler monkey (D:6)
  5 killer bees (D:8)
  A crimson imp (D:5)
  A jelly (D:7)
  3 hounds
  2 orc priests
  9 orc wizards
  A gnoll shaman (D:7)
  A bullfrog skeleton (D:6)
  Ijyb (D:5)
  A hell rat (D:8)
  5 worker ants
  A hound zombie (D:5)
  A worker ant zombie (D:9)
  3 gnolls (D:7)
  A howler monkey skeleton (D:8)
  6 adders
  A shadow imp (D:7)
  An adder zombie (D:5)
  2 worms
  3 dart slugs
  2 leopard geckos
  24 orcs
  A ball python (D:3)
  5 giant cockroaches
  3 hobgoblins
  6 jackals
  12 kobolds
  3 quokkas
  4 bats
  3 frilled lizards
  5 goblins
  A leopard gecko skeleton (D:8)
  5 rats
  A toadstool (D:1)
141 creatures vanquished.

Vanquished Creatures (others)
  5 toadstools (D:1)
5 creatures vanquished.

Grand Total: 146 creatures vanquished

Notes
Turn   | Place    | Note
-------+----------+-------------------------------------------
     0 | D:1      | BeowulfAlex the Octopode Transmuter began the quest for the
                  | Orb.
     0 | D:1      | Reached XP level 1. HP: 13/13 MP: 3/3
   185 | D:1      | Reached XP level 2. HP: 17/18 MP: 3/5
   649 | D:1      | Found a shattered altar of Ashenzari.
   807 | D:1      | Reached skill level 1 in Stealth
  1183 | D:2      | Reached XP level 3. HP: 23/23 MP: 6/6
  1819 | D:3      | Learned a level 2 spell: Sticks to Snakes
  1823 | D:3      | Learned a level 3 spell: Spider Form
  1832 | D:3      | Found an iron altar of Okawaru.
  1871 | D:3      | Reached skill level 3 in Transmutations
  2014 | D:3      | Reached XP level 4. HP: 22/28 MP: 2/7
  2881 | D:4      | Reached XP level 5. HP: 31/34 MP: 7/9
  2947 | D:4      | Found an ornate altar of the Wu Jian Council.
  3368 | D:4      | Reached skill level 4 in Transmutations
  3973 | D:5      | Entered Level 5 of the Dungeon
  4349 | D:5      | Found a staircase to the Ecumenical Temple.
  4358 | Temple   | Entered the Ecumenical Temple
  4397 | Temple   | Upgraded the game from 0.24-a0-781-g048a31f to
                  | 0.24-a0-788-g2b66604
  4406 | Temple   | Became a worshipper of Gozag Ym Sagoz the Greedy
  4850 | D:5      | Noticed Ijyb
  4859 | D:5      | Reached XP level 6. HP: 26/39 MP: 5/10
  4862 | D:5      | Paralysed by Ijyb for 7 turns
  4886 | D:5      | Killed Ijyb
  5418 | D:5      | Reached skill level 5 in Transmutations
  5743 | D:6      | Reached XP level 7. HP: 33/45 MP: 9/12
  5826 | D:6      | Reached skill level 6 in Transmutations
  5899 | D:6      | Found Rohereeq's Assorted Antiques.
  6183 | D:6      | Reached XP level 8. HP: 50/50 MP: 11/15
  6205 | D:6      | Reached skill level 7 in Transmutations
  6350 | D:6      | Reached skill level 5 in Spellcasting
  6440 | D:6      | Found a shimmering blue altar of Sif Muna.
  6447 | D:6      | Identified Sif Muna's Almanac of Creation
  6454 | D:6      | Found an ancient bone altar of Kikubaaqudgha.
  6594 | D:6      | Found a radiant altar of Vehumet.
  6695 | D:6      | Reached skill level 8 in Transmutations
  7216 | D:7      | Noticed a hippogriff
  7227 | D:6      | Learned a level 5 spell: Blade Hands
  7232 | D:6      | Learned a level 4 spell: Ice Form
  7429 | D:7      | Found Ufo Utekk's Magic Scroll Boutique.
  7455 | D:7      | Bought a scroll of teleportation for 45 gold pieces
  7455 | D:7      | Bought a scroll of identify for 30 gold pieces
  7455 | D:7      | Bought a scroll of fear for 52 gold pieces
  7591 | D:7      | Killed a hippogriff
  7591 | D:7      | Reached skill level 9 in Transmutations
  7591 | D:7      | Reached XP level 9. HP: 38/54 MP: 6/17
  8122 | D:8      | Found a glowing silver altar of Zin.
  8122 | D:8      | Found a glowing golden altar of the Shining One.
  8122 | D:8      | Found a white marble altar of Elyvilon.
  8177 | D:8      | Noticed a death yak
  8182 | D:8      | Found a stormy altar of Qazlal.
  8444 | D:8      | Noticed a death yak
  8446 | D:8      | Found a staircase to the Lair.
  8446 | D:8      | Noticed a death yak
  8969 | D:8      | Gained mutation: Your spells are a little harder to cast,
                  | but a little more powerful. [potion of mutation]
  8969 | D:8      | Gained mutation: Your muscles are strong. (Str +2) [potion
                  | of mutation]
  8969 | D:8      | Gained mutation: Your flesh is cold resistant. (rC+)
                  | [potion of mutation]
  8998 | D:9      | Found Ygiovur's Antique Weapon Shoppe.
  9377 | D:9      | Noticed a troll
  9384 | D:9      | Slain by a troll

Levels and vault maps discovered:
D:1:      sevenhm_arrival_forest_fort_small_4, layout_loops_ring,
          minmay_gold_behind_fungi, nicolae_ashenzari_panopticon
D:2:      layout_loops_corners
D:3:      layout_loops_ring, okawaru_gym_becter, first_ration
D:4:      layout_loops_corners, nicolae_overflow_hidden_temple
D:5:      layout_loops_corners, minmay_temple_entry_overgrown,
          chequers_serial_rivers_micro_e, uniq_ijyb
D:6:      layout_loops_cross, palyth_temple_overflow_mages, serial_shops,
          shop_fountains, minivault_27
D:7:      layout_rooms, serial_shops, shop_scrolls
D:8:      layout_cave_pools, good_gods_mini_temple, old_standard_altar,
          dpeg_lair_monsters
D:9:      layout_loops_ring, kennysheep_little_box,
          minmay_overflow_temple_star_quad, serial_shops, shop_statue
Temple:   jpeg_temple_island

Skill      XL: |  1  2  3  4  5  6  7  8  9 |
---------------+----------------------------+-----
Stealth        | 1 |  1.1
Transmutations | 3 4 5 6 9 |  9.9
Fighting       | 2 |  2.6
Spellcasting   | 3 4 5 6 |  6.6
Unarmed Combat | 4 |  4.4
Dodging        | |  2.3

Action                   |  1- 3 |  4- 6 |  7- 9 || total
-------------------------+-------+-------+-------++-------
Melee: Unarmed           |    89 |   190 |   212 ||   491
       Constrict         |    22 |    27 |    17 ||    66
       Tentacles         |    15 |    23 |    16 ||    54
       Kick              |    14 |    25 |    11 ||    50
       Punch             |       |     2 |     4 ||     6
Throw: Stone             |     3 |       |       ||     3
       Dart              |       |    14 |     2 ||    16
 Cast: Beastly Appendage |    23 |    18 |     8 ||    49
       Spider Form       |     1 |     8 |    20 ||    29
       Blade Hands       |       |       |     8 ||     8
Invok: Potion Petition   |       |       |     1 ||     1
  Use: Scroll            |       |       |    12 ||    12
       Potion            |       |       |     4 ||     4
 Stab: Sleeping          |     9 |     3 |     4 ||    16
       Distracted        |       |     1 |       ||     1
  Eat: Chunk             |     4 |     9 |       ||    13
       Ration            |       |     1 |     6 ||     7
Armor: Skin              |     9 |     5 |    12 ||    26
Dodge: Dodged            |    52 |   118 |   159 ||   329

Table legend:
 A = Non-vault XP
 B = Vault XP
 C = Vault XP percentage of total XP
 D = Non-vault monster count
 E = Vault monster count
 F = Vault count percentage of total count
                 A         B        C        D         E       F
            +---------+---------+-------+---------+---------+-------
      Total |    3294 |     398 |  10.8 |     131 |       9 |   6.4
            +---------+---------+-------+---------+---------+-------
        D:1 |      27 |       0 |   0.0 |      17 |       0 |   0.0
        D:2 |      39 |       0 |   0.0 |      16 |       0 |   0.0
        D:3 |      88 |       0 |   0.0 |      20 |       0 |   0.0
        D:4 |      82 |       0 |   0.0 |       7 |       0 |   0.0
        D:5 |     402 |      35 |   8.0 |      15 |       1 |   6.2
        D:6 |    1138 |     192 |  14.4 |      22 |       5 |  18.5
        D:7 |     609 |       0 |   0.0 |      11 |       0 |   0.0
        D:8 |     594 |     171 |  22.4 |      18 |       3 |  14.3
        D:9 |     315 |       0 |   0.0 |       5 |       0 |   0.0
            +---------+---------+-------+---------+---------+-------
